 Dungeon Crawl Stone Soup version 0.18.1-48-g4cf74bf (webtiles) character file.

1709 PossumBlood the Fighter (level 8, -2/82 HPs)
             Began as a Minotaur Fighter on Aug 22, 2016.
             Slain by an orc warrior
             ... wielding a +0 war axe of electrocution
              (14 damage)
             ... on level 7 of the Dungeon.
             The game lasted 00:13:06 (5969 turns).

PossumBlood the Fighter (Minotaur Fighter)          Turns: 5969, Time: 00:13:08

Health: -2/82      AC:  8    Str: 24    XL:     8   Next: 74%
Magic:  7/7        EV:  7    Int: 15    God:
Gold:   406        SH: 10    Dex:  9    Spells: 0 memorised, 7 levels left

rFire  . . .     SeeInvis .     j - +7 whip of Pestilence {slash, *Contam +Fly MR+ Int+4}
rCold  . . .     Gourm    .     b - +0 scale mail
rNeg   + . .     Faith    .     c - +1 shield
rPois  +         Spirit   .     (helmet restricted)
rElec  .         Dismiss  .     (no cloak)
rCorr  .         Reflect  .     (no gloves)
SustAt .         Harm     .     (no boots)
MR     +....                    (no amulet)
Stlth  ..........               n - ring of positive energy
                                B - ring "Itsua" {*Corrode +Fly rPois Int+6}

@: somewhat resistant to hostile enchantments, extremely unstealthy
A: retaliatory headbutt, horns 2, talons 1, wild magic 2
a: Evoke Flight


You were on level 7 of the Dungeon.
You were not hungry.

You visited 2 branches of the dungeon, and saw 8 of its levels.

You collected 406 gold pieces.

Inventory:

Hand Weapons
 a - a +1 war axe
 j - the +7 whip of Pestilence (weapon) {slash, *Contam +Fly MR+ Int+4}
   (You found it on level 4 of the Dungeon)

   It inflicts extra damage upon your enemies.
   It affects your intelligence (+4).
   It affects your resistance to hostile enchantments.
   It lets you fly.
   It causes magical contamination when unequipped.
Missiles
 i - 4 javelins of penetration (quivered)
 y - 4 tomahawks
Armour
 b - a +0 scale mail (worn)
 c - a +1 shield (worn)
Jewellery
 l - an uncursed ring of wizardry
 n - a ring of positive energy (right hand)
 B - the ring "Itsua" (left hand) {*Corrode +Fly rPois Int+6}
   (You found it on level 6 of the Dungeon)

   [ring of flight]

   It affects your intelligence (+6).
   It protects you from poison.
   It lets you fly.
   It may corrode you when you take damage.
Wands
 h - a wand of enslavement (10/24)
 p - a wand of digging (10/24)
 s - a wand of polymorph (18/24)
Scrolls
 e - 5 scrolls of identify
 k - 2 scrolls of blinking
 q - 3 scrolls of remove curse
 r - a scroll of fog
 u - 2 scrolls of amnesia
Potions
 d - 4 potions of might
 g - 3 potions of flight
Comestibles
 m - a slice of pizza
 o - 3 meat rations
 v - a beef jerky
 w - 2 bread rations


   Skills:
 * Level 11.2 Fighting
 - Level 2.4 Axes
 + Level 8.7 Armour
 - Level 3.6 Shields


You had 7 spell levels left.
You didn't know any spells.

Dungeon Overview and Level Annotations

Branches:
Dungeon (7/15)             Temple (1/1) D:5

Altars:
Ashenzari
Cheibriados
Dithmenos
Elyvilon
Gozag
Kikubaaqudgha
Makhleb
Nemelex Xobeh
Pakellas
Ru
Sif Muna
Trog
Vehumet
Xom
Yredelemnul
Zin
The Shining One

Shops:
D:5 (


Innate Abilities, Weirdness & Mutations

You reflexively headbutt those who attack you in melee.
You have a pair of horns on your head.
You have sharp toenails.
Your spells are harder to cast, but more powerful.


Message History

You closely miss the orc warrior.
The orc warrior is heavily wounded.
The adder bites you.
The orc warrior hits you but does no damage.
The orc priest hits you but does no damage.
The adder bites you. The orc barely misses you. You furiously retaliate!
You headbutt the orc.
You hit the orc warrior but do no damage.
The orc warrior is heavily wounded.
You block the adder's attack.
The orc priest mumbles some strange prayers to Beogh against you.
Beogh smites you! You block the orc warrior's attack.
The orc hits you but does no damage.
You barely miss the orc warrior.
The orc warrior is heavily wounded.
The adder bites you but does no damage. You block the orc priest's attack.
The orc warrior hits you with a war axe of electrocution!
* * * LOW HITPOINT WARNING * * *
You are electrocuted!
You die...

#.# .# #.# #.##
#.# ####...# #.#
#.....(# #.#
#......#. #.#
#........
#.#####....#####
#.......oS.'....
########@ol####
##oo.....
o...... .......
....... .......
....... ...####


You could see an orc warrior, an iguana, 2 orc priests, an adder and 2 orcs.

Vanquished Creatures
  Menkaure (D:4)
  Duvessa (D:4)
  An ice beast (D:5)
  A sky beast (D:5)
  An orc warrior (D:6)
  3 ogres
  A centaur (D:5)
  A giant frog (D:6)
  Dowan (D:4)
  2 howler monkeys
  2 crimson imps (D:5)
  3 orc wizards
  2 orc priests
  A centaur skeleton (D:4)
  4 hounds
  An iguana (D:5)
  5 worker ants
  4 gnolls (D:5)
  3 adders
  2 shadow imps (D:5)
  2 oozes (D:2)
  2 adder skeletons (D:4)
  A worm (D:2)
  5 dart slugs
  4 giant geckos
  9 orcs
  7 bats
  5 giant cockroaches
  5 goblins
  5 hobgoblins
  2 quokkas
  A ball python (D:6)
  A giant gecko skeleton (D:5)
  4 giant newts
  6 kobolds
  10 rats
109 creatures vanquished.

Vanquished Creatures (others)
  A plant (D:7)
1 creature vanquished.

Grand Total: 110 creatures vanquished

Notes
Turn   | Place    | Note
--------------------------------------------------------------
     0 | D:1      | PossumBlood the Minotaur Fighter began the quest for the Orb.
     0 | D:1      | Reached XP level 1. HP: 19/19 MP: 0/0
    96 | D:1      | Reached XP level 2. HP: 24/27 MP: 1/1
   166 | D:1      | Reached skill level 4 in Fighting
   373 | D:1      | You fall through a shaft!
   649 | D:2      | Reached XP level 3. HP: 34/34 MP: 2/2
   882 | D:2      | Reached skill level 5 in Fighting
  1190 | D:1      | Reached XP level 4. HP: 42/42 MP: 3/3
  1416 | D:2      | Found a shadowy altar of Dithmenos.
  1579 | D:3      | Found an oddly glowing altar of Pakellas.
  1589 | D:3      | Found a shattered altar of Ashenzari.
  2132 | D:3      | Found a burning altar of Makhleb.
  2138 | D:3      | Reached skill level 5 in Armour
  2178 | D:3      | Reached skill level 6 in Fighting
  2178 | D:3      | Reached XP level 5. HP: 46/50 MP: 4/4
  2397 | D:4      | Noticed Menkaure
  2404 | D:4      | Killed Menkaure
  2404 | D:4      | Reached XP level 6. HP: 20/58 MP: 5/5
  2632 | D:4      | Got a slimy whip
  2640 | D:4      | Reached skill level 7 in Fighting
  2712 | D:4      | Identified the +7 whip of Pestilence {slash, *Contam +Fly MR+ Int+4} (You found it on level 4 of the Dungeon)
  2867 | D:4      | Noticed Duvessa
  2867 | D:4      | Noticed Dowan
  2874 | D:4      | Killed Duvessa
  2879 | D:4      | Killed Dowan
  2879 | D:4      | Reached skill level 8 in Fighting
  2879 | D:4      | Reached XP level 7. HP: 59/68 MP: 6/6
  3351 | D:5      | Entered Level 5 of the Dungeon
  3387 | D:5      | Found a sparkling altar of Nemelex Xobeh.
  3397 | D:5      | Found a staircase to the Ecumenical Temple.
  3403 | Temple   | Entered the Ecumenical Temple
  3804 | D:5      | Reached skill level 9 in Fighting
  4121 | D:5      | Found Paulif's Weapon Boutique.
  4170 | D:5      | Reached XP level 8. HP: 55/79 MP: 7/7
  4200 | D:5      | Reached skill level 10 in Fighting
  4846 | D:6      | Got a shimmering silver ring
  4847 | D:6      | Identified the ring "Itsua" {*Corrode +Fly rPois Int+6} (You found it on level 6 of the Dungeon)
  5505 | D:6      | Reached skill level 11 in Fighting
  5696 | D:6      | Gained mutation: Your spells are a little harder to cast, but a little more powerful. [potion of mutation]
  5696 | D:6      | Gained mutation: Your spells are harder to cast, but more powerful. [potion of mutation]
  5696 | D:6      | Gained mutation: You have sharp toenails. [potion of mutation]
  5897 | D:7      | Found a shimmering altar of Xom.
  5969 | D:7      | Slain by an orc warrior

Skill      XL: |  1  2  3  4  5  6  7  8 |
---------------+-------------------------+-----
Armour         | 4 5 6 7 8 |  8.7
Fighting       | 4 5 6 8 9 11 | 11.2
Axes           | |  2.4
Shields        | |  3.6

Action                   |  1- 3 |  4- 6 |  7- 9 || total
-------------------------+-------+-------+-------++-------
Melee: War axe           |    81 |    76 |       ||   157
       Headbutt          |    12 |    12 |    27 ||    51
       Whip              |       |    15 |   130 ||   145
       Kick              |       |       |     2 ||     2
  Use: Scroll            |     5 |     6 |     6 ||    17
       Potion            |     1 |       |     7 ||     8
  Eat: Bread ration      |     1 |     1 |     2 ||     4
       Beef jerky        |       |     1 |       ||     1
Armor: Scale mail        |    41 |    39 |    53 ||   133
Dodge: Dodged            |    19 |    22 |    37 ||    78
Block: Shield            |    35 |    54 |    69 ||   158
